ProzacElf, lawful female human Valkyrie ------------ --------------------------------- |..........| |................................ |<.........| ---- ----- ----+--..-----..| |..........| |.@| |..| -..........| |.f| |..- -------.---- --u| |..| # ## |@--+--...##### # |........|#### ## ## -..-----.|# #### -----.--- ..+ |.| # ## |.......| ..| |.| #### ........| --.- -.| # |.......| . .| ###|...>...| .. .| #........| .. .| --------- .. .+ --- --- ProzacElf the Fighter Experience level: 6 Strength: 18/03 Dexterity: 12 Constitution: 17 Intelligence: 15 Wisdom: 7 Charisma: 9 Health: 0(55) Energy: 14(14) Def: 4 Gold: 1635 Moves: 3564 Dungeon seed: yW5TwiU_l9hDxeHp Game ID: ProzacElf_1448535326 Your Inventory: Coins $ - 1635 gold pieces Amulets S - an uncursed amulet versus poison Weapons a - the blessed rustproof +1 Excalibur (weapon in hand) b - a +0 dagger (alternate weapon; not wielded) d - a +0 orcish dagger p - 45 +0 darts T - a cursed +1 dagger U - a cursed +3 dagger V - a cursed +2 dagger W - 9 cursed +0 daggers (in quiver) Armor e - an uncursed +3 small shield (being worn) n - an uncursed +0 dwarvish cloak q - a cursed -3 pair of iron shoes A - an uncursed +0 dwarvish cloak E - a blessed +1 mummy wrapping N - a blessed +1 leather armor X - an uncursed +0 elven mithril-coat Z - a cursed +1 pair of leather gloves Comestibles c - 2 uncursed food rations f - 2 cursed apples g - a cursed food ration h - a cursed fortune cookie l - 2 cursed tripe rations I - 2 uncursed cream pies Scrolls H - an uncursed scroll of enchant weapon L - 2 cursed scrolls of teleportation P - a cursed scroll of light Potions j - an uncursed potion of invisibility k - an uncursed potion of blindness r - a cursed potion of paralysis s - an uncursed potion of water u - an uncursed potion of full healing O - a cursed potion of restore ability R - a cursed potion of invisibility Wands K - a cursed wand of sleep (0:6) M - a cursed wand of undead turning (0:5) Q - a cursed wand of sleep (0:6) Tools i - an uncursed magic whistle m - a cursed credit card o - a +0 pick-axe t - a cursed tinning kit (0:81) v - a cursed towel C - a can of grease (0:11) F - 4 blessed tallow candles (0:200) G - an uncursed stethoscope J - 4 uncursed tallow candles (0:200) Gems w - a cursed worthless piece of blue glass x - an uncursed worthless piece of blue glass y - an uncursed worthless piece of red glass z - an uncursed worthless piece of yellowish brown glass B - a cursed worthless piece of green glass D - a cursed worthless piece of orange glass Y - 2 uncursed worthless pieces of orange glass Spells and supernatural/magical abilities: Name Level Category Fail Memory W - pray for help -- divine ? -- Your skills at the end: Fighting Skills Weapon Skills dagger [Basic] long sword [Skilled] Spellcasting Skills Final Attributes: You were piously aligned. You were cold resistant. You were level-drain resistant. You had automatic searching. You were stealthy. You were lucky. You are dead. Vanquished creatures: a ghost a gnome king a gnome mummy a bugbear a rock piercer a rock mole a pony a fog cloud a shrieker 2 gnome lords 3 gnomish wizards a kobold mummy 2 elf zombies 2 little dogs 2 kittens 2 dwarves a kobold lord a wererat 2 iguanas an acid blob 2 large kobolds a red mold 19 gnomes 2 gnome zombies 6 jackals 2 goblins 4 sewer rats a grid bug a bat 4 lichens a kobold zombie 6 newts 77 creatures vanquished. Voluntary challenges: You used a wielded weapon 82 times, starting on turn 3. You were illiterate. You never genocided any monsters. You never polymorphed an object. You never changed form. You used no wishes. You never split a pudding. You never wrote Elbereth's name. You never violated your personal moral code. Dungeon overview: The Dungeons of Doom: levels 1 to 2 Level 1 an altar to Tyr, a fountain a long staircase Level 2 stairs to The Gnomish Mines The Gnomish Mines: levels 3 to 6 Level 3 stairs to The Dungeons of Doom Level 4 Level 5 Level 6 <- You were here History has recorded: On T:1 you entered the Dungeons of Doom to retrieve the Amulet of Yendor! On T:267 you advanced to experience level 2. On T:474 you reached level 2 of The Dungeons of Doom. On T:677 you advanced to experience level 3. On T:965 you reached level 1 of The Gnomish Mines. On T:1102 you advanced to experience level 4. On T:1291 you reached level 2 of The Gnomish Mines. On T:1312 you advanced to experience level 5. On T:2222 you advanced to experience level 6. On T:2923 you reached level 3 of The Gnomish Mines. On T:3489 you reached level 4 of The Gnomish Mines. Score breakdown: Gold: 1635 (10932 points) Experience: 6 levels (12456 points) Exploration: 6 levels ( 13.04%) (10000 points) Discoveries: 2 items ( 0.81%) ( 2705 points) Valuables value: (no points given unless you survive) Artifact value: 4000 (12253 points) Variety of kills: 32 monsters ( 8.40%) ( 8694 points) Turncount: 3564 turns ( -854 points) Survival: died (score multiplied by 80%) Total score: 44948 Latest messages: The warhorse bites! You have a little trouble lifting l - 2 tripe rations. You have a little trouble lifting m - a credit card. You have a little trouble lifting t - a tinning kit. You have a little trouble lifting v - a towel. You have a little trouble lifting w - a blue gem. You have a little trouble lifting B - a green gem. You have a little trouble lifting D - an orange gem. Your knapsack cannot accommodate any more items. Your movements are slowed slightly because of your load. The warhorse kicks! You die... Final status: Farvel ProzacElf the Valkyrie, killed by a warhorse... You died in The Gnomish Mines on dungeon level 6 with 44948 points, and 1635 pieces of gold, after 3564 moves. You were level 6 with a maximum of 55 hit points when you died.